 Dungeon Crawl Stone Soup version 0.31.0-32-g396128a36d (webtiles) character file.

Game seed: 15156279168496332044

2828 TacoSundae the Grappler (level 9, -1/44 HPs)
             Began as a Vine Stalker Shapeshifter on Apr 10, 2024.
             Shot with an arrow by a centaur (5 damage)
             ... on level 7 of the Dungeon.
             The game lasted 00:16:12 (5406 turns).

TacoSundae the Grappler (Vine Stalker Shapeshifter) Turns: 5406, Time: 00:16:13

Health: -1/44      AC:  7    Str: 20    XL:     9   Next: 73%
Magic:  0/10       EV: 13    Int: 10    God:
Gold:   1267       SH:  0    Dex: 17    Spells: 8/8 levels left

rFire   . .          .
                       - Unarmed
rCold   . . .        (no shield)
rNeg    + . .        k - +4 leather armour "Woiqy" {Rampage rN+ Will- Dex+2}
rPois   .            (helmet currently unavailable)
rElec   .            (cloak currently unavailable)
rCorr   .            (gloves currently unavailable)
SInv    .            (boots currently unavailable)
Will    +....        (no amulet)
Stlth   +            a - ring of willpower
HPRegen 1.07/turn    m - ring of flight
MPRegen 0.12/turn

%: guardian spirit, rampage
@: beast-form, attractive, flying
A: beast (slay +4), fangs 3, regeneration 1, magic shield, antimagic bite, no
potion heal 2
a: Begin Untransformation


You were on level 7 of the Dungeon.
You were a hulking beast.
You visited 1 branch of the dungeon, and saw 7 of its levels.
You also visited: Sewer.

You collected 1267 gold pieces.

Inventory:

Missiles
 f - 12 poisoned darts (quivered)
Armour
 k - the +4 leather armour "Woiqy" (worn) {Rampage rN+ Will- Dex+2}
   (You found it on level 2 of the Dungeon)

   Dex+2:     It affects your dexterity (+2).
   rN+:       It protects you from negative energy.
   Will-:     It decreases your willpower.
   Rampage:   It bestows one free step when moving towards enemies.
 q - a +1 cloak
 w - a +0 helmet
Jewellery
 a - a ring of willpower (left hand)
 m - a ring of flight (right hand)
 n - a ring of protection from fire
 p - a ring of ice
 t - a +5 ring of evasion
 x - an amulet of faith
Talismans
 c - a beast talisman
 d - a flux talisman
Wands
 u - a wand of paralysis (4)
 v - a wand of flame (35)
 y - a wand of polymorph (9)
Scrolls
 i - 3 scrolls of identify
 z - a scroll of vulnerability
Potions
 b - 2 potions of lignification
 e - 3 potions of attraction
 g - 3 potions of mutation {unknown}
 j - a potion of might
 l - 2 potions of magic
 o - a potion of curing
 r - a potion of invisibility {unknown}
 s - 3 potions of haste {unknown}


   Skills:
 + Level 3.3 Fighting
 + Level 3.4 Dodging
 * Level 9.4 Unarmed Combat
 + Level 8.0 Shapeshifting


You had 8 spell levels left.
You didn't know any spells.
Your spell library contained the following spells:

 Spells                   Type           Power      Damage    Failure   Level
 Kiss of Death            Conj/Necr      0%         2d5       41%         1
 Call Imp                 Summ           0%         N/A       56%         2
 Sublimation of Blood     Necr           0%         N/A       56%         2
 Confusing Touch          Hex            0%         N/A       80%         3
 Dispel Undead            Necr           0%         3d6       99%         4
 Summon Hydra             Summ           0%         N/A       100%        7


Dungeon Overview and Level Annotations

Branches:
Dungeon (7/15)             Temple (0/1) D:7           Sewer (visited)

Altars:
Ashenzari
Cheibriados
Kikubaaqudgha
Uskayaw
Zin

Shops:
D:3 [   D:4 [   D:5 (

Annotations:
D:6 1 runed translucent door, Crazy Yiuf


Innate Abilities, Weirdness & Mutations

You are a hulking beast.
Your limbs bulge with bestial killing power. (Slay +4)
You have razor-sharp teeth.
Your natural rate of healing is unusually fast.
When hurt, damage is shared between your health and your magic reserves.
Your bite disrupts and absorbs the magic of your enemies.
Potions cannot restore your health.


Message History

You feel attractive to monsters.
The centaur shoots an arrow.
The arrow barely misses you.
The steam dragon is attracted toward you.
The centaur is attracted toward you.
You rampage towards the steam dragon!
You hit the steam dragon.
The steam dragon is moderately wounded.
The steam dragon breathes steam at you. The ball of steam misses you.
You barely miss the steam dragon. Your punch misses the steam dragon.
You bite the steam dragon. You drain its power.
You feel invigorated.
The steam dragon is moderately wounded.
You are engulfed in a cloud of scalding steam.
The steam dragon bites you but does no damage.
The steam dragon claws you but does no damage.
You hit the steam dragon. You punch the steam dragon.
The steam dragon is heavily wounded.
You are engulfed in a cloud of scalding steam.
* * * LOW HITPOINT WARNING * * *
You closely miss the steam dragon.
The steam dragon is heavily wounded.
You are engulfed in a cloud of scalding steam.
The steam dragon bites you.
* * * LOW HITPOINT WARNING * * *
The steam dragon claws you but does no damage.
You punch the steam dragon!
The steam dragon is almost dead.
You are engulfed in a cloud of scalding steam.
The steam dragon bites you but does no damage.
The steam dragon claws you but does no damage.
You barely miss the steam dragon.
The steam dragon is almost dead.
You are engulfed in a cloud of scalding steam.
* * * LOW HITPOINT WARNING * * *
The steam dragon barely misses you. x2
You hit the steam dragon.
You kill the steam dragon!
You are engulfed in a cloud of scalding steam.
* * * LOW HITPOINT WARNING * * *
The centaur shoots an arrow.
The arrow hits you!
You die...

#..# #..# #..#
###..# #....#
###.## #§# #.#
#h# #†# ##c####
######.....#
#.$........#
#.$#.§8..#..#
#.....##..#
#..#.#..##...
#..##.##..##.#.


You could see a centaur.

Vanquished Creatures
  A kobold demonologist (D:7)
  Eustachio (D:4)
  A steam dragon (D:7)
  A water moccasin (D:7)
  An orc warrior (D:6)
  3 ice beasts (D:5)
  A sky beast (D:6)
  3 kobold brigands
  Blork the orc (D:4)
  2 bullfrogs
  4 scorpions
  4 killer bees (D:7)
  A howler monkey (D:5)
  2 bombardier beetles (D:5)
  4 jellies
  3 hounds
  6 orc priests
  4 sleepcaps
  3 iguanas
  Ijyb (D:4)
  5 orc wizards
  7 adders
  2 river rats (Sewer)
  2 white imps
  A dart slug (D:5)
  2 ribbon worms
  14 orcs
  2 ball pythons
  8 bats
  10 endoplasms
  6 giant cockroaches
  4 goblins
  10 hobgoblins
  6 jackals
  20 kobolds
  4 quokkas
  6 frilled lizards
  10 rats
  A spectral kobold (D:1)
167 creatures vanquished.

Notes
Turn   | Place    | Note
-------+----------+-------------------------------------------
     0 | D:1      | TacoSundae the Vine Stalker Shapeshifter began the quest
                  | for the Orb.
     0 | D:1      | Reached XP level 1. HP: 9/9 MP: 2/2
   140 | D:1      | Reached XP level 2. HP: 13/14 MP: 1/3
   459 | D:1      | Found a faded altar of an unknown god.
  1080 | D:2      | Reached XP level 3. HP: 17/17 MP: 4/4
  1091 | D:2      | Identified the +4 leather armour "Woiqy" {Rampage rN+ Will-
                  | Dex+2}
  1484 | D:3      | Found Voqiw's Antique Armour Shop.
  1568 | D:3      | Reached XP level 4. HP: 21/21 MP: 5/5
  1574 | D:3      | Reached skill level 4 in Unarmed Combat
  1608 | D:3      | Found an ancient bone altar of Kikubaaqudgha.
  1779 | D:3      | Found a hide-covered altar of Uskayaw.
  1941 | D:4      | Reached XP level 5. HP: 18/25 MP: 4/6
  2013 | D:4      | Noticed Eustachio
  2017 | D:4      | Noticed Ijyb
  2028 | D:4      | Killed Eustachio
  2029 | D:4      | Reached skill level 5 in Unarmed Combat
  2029 | D:4      | Reached skill level 5 in Shapeshifting
  2029 | D:4      | Reached XP level 6. HP: 29/29 MP: 4/7
  2032 | D:4      | Paralysed by Ijyb for 4 turns
  2043 | D:4      | Killed Ijyb
  2201 | D:4      | Identified the +1 leather armour of the Aged Demons {Int+5}
  2234 | D:4      | Noticed Blork the orc
  2250 | D:4      | Killed Blork the orc
  2251 | D:4      | Reached XP level 7. HP: 16/32 MP: 0/8
  2374 | D:4      | Found Foicueg's Antique Armour Shoppe.
  2562 | D:4      | Reached skill level 6 in Unarmed Combat
  2698 | D:5      | Entered Level 5 of the Dungeon
  2699 | D:5      | Identified a scroll of acquirement
  2699 | D:5      | Acquired 880 gold pieces
  3136 | D:5      | Reached skill level 7 in Unarmed Combat
  3136 | D:5      | Gained mutation: You have razor-sharp teeth. [Vine Stalker
                  | growth]
  3136 | D:5      | Reached XP level 8. HP: 37/37 MP: 9/9
  3276 | D:5      | Found a snail-covered altar of Cheibriados.
  3318 | D:5      | Found Asteg's Weapon Shoppe.
  3715 | D:6      | Found a glowing drain.
  3739 | Sewer    | Entered a sewer
  3810 | Sewer    | Reached skill level 1 in Fighting
  3862 | Sewer    | Reached skill level 8 in Unarmed Combat
  3903 | Sewer    | Found a viscous altar of Jiyva.
  4231 | D:6      | Found a runed translucent door.
  4232 | D:6      | Noticed Crazy Yiuf
  4279 | D:6      | Reached XP level 9. HP: 42/42 MP: 10/10
  4608 | D:6      | Found a broken altar of Ashenzari.
  4668 | D:6      | HP: 2/42 [orc priest/divine providence (11)]
  4982 | D:7      | Noticed a kobold demonologist
  4997 | D:7      | Killed a kobold demonologist
  5006 | D:7      | Reached skill level 9 in Unarmed Combat
  5264 | D:7      | Found a glowing silver altar of Zin.
  5393 | D:7      | Found a staircase to the Ecumenical Temple.
  5406 | D:7      | Shot with an arrow by a centaur

Illustrated notes

Levels and vault maps discovered:
D:1:      co_arrival_random_square_maze, layout_basic,
          dreamdust_ecumenical_altar_drowned_temple, nicolae_titane
D:2:      layout_rooms, nicolae_concentric_dashed_squares_wild,
          chequers_serial_rivers_room_a
D:3:      layout_rooms, lemuel_doored_altar,
          mainiacjoe_overflow_small_starburst, serial_shops,
          nicolae_diamond_shop, nicolae_half_adder
D:4:      layout_loops_cross, serial_shops, shop, uniq_blork_the_orc,
          uniq_eustachio, uniq_ijyb
D:5:      layout_basic, slow_altar_2, serial_curves, eino_curves_02,
          eino_curves_04, serial_shops, nicolae_shop_tiny_waterfront,
          grunt_decor_junction
D:6:      layout_basic, ashenzari_altar_1,
          mainiacjoe_sewer_entry_somewhere_in_here_1, uniq_crazy_yiuf_cottage
D:7:      layout_loops_ring, nicolae_overflow_crystal_walls,
          fedhas_altar_fruit_tree, minmay_temple_entry_waves,
          minmay_fractal_squares_5, uniq_menkaure

Skill      XL: |  1  2  3  4  5  6  7  8  9 |
---------------+----------------------------+-----
Unarmed Combat | 4 5 7 8 9 |  9.4
Shapeshifting  | 4 5 6 7 8 |  8.0
Fighting       | 1 3 |  3.3
Dodging        | 2 3 |  3.4

Action                     |  1- 3 |  4- 6 |  7- 9 || total
---------------------------+-------+-------+-------++-------
  Melee: Unarmed           |    97 |    85 |   278 ||   460
         Bite              |    23 |    26 |    82 ||   131
         Punch             |       |     1 |    20 ||    21
  Throw: Dart              |       |       |     3 ||     3
    Use: Scroll            |       |       |    17 ||    17
         Potion            |       |       |     1 ||     1
   Stab: Sleeping          |       |     1 |     3 ||     4
 Armour: Animal skin       |    18 |       |       ||    18
         Scale mail        |     9 |       |       ||     9
         Leather armour    |    17 |    59 |   128 ||   204
  Dodge: Dodged            |    53 |    26 |   133 ||   212
